 Dungeon Crawl Stone Soup version 0.25-a0-435-g4b9beb1024 (webtiles) character file.

Game seed: 12354940555576870648, levelgen mode: deterministic

39 Denox the Cudgeler (level 3, 0/33 HPs)
             Began as a Draconian Chaos Knight on Jan 29, 2020.
             Was a Plaything of Xom.
             Slain by Robin
             ... wielding a +0 whip
              (3 damage)
             ... on level 2 of the Dungeon.
             The game lasted 00:05:47 (1600 turns).

Denox the Cudgeler (Draconian Chaos Knight)         Turns: 1600, Time: 00:05:48

Health: 0/33       AC:  5    Str: 17    XL:     3   Next: 28%
Magic:  3/3        EV: 12    Int: 12    God:    Xom [*.....]
Gold:   84         SH:  0    Dex: 10    Spells: 2/2 levels left

rFire    . . .     SeeInvis .   e - +0 mace
rCold    . . .     Gourm    .   (no shield)
rNeg     . . .     Faith    .   (armour unavailable)
rPois    .         Spirit   .   (helmet restricted)
rElec    .         Reflect  .   (no cloak)
rCorr    .         Harm     .   (no gloves)
MR       .....     Clarity  +   (no boots)
Stlth    +.........             (no amulet)
HPRegen  0.11/turn              (no ring)
MPRegen  0.08/turn              (no ring)

@: no status effects
A: unfitting armour, big wings, clarity, strong 1, evolution 2, cold-blooded, AC
+5
a: Fly, Renounce Religion


You were on level 2 of the Dungeon.
You worshipped Xom.
You were a special plaything of Xom.
You were not hungry.

You visited 1 branch of the dungeon, and saw 2 of its levels.

You collected 84 gold pieces.

Inventory:

Hand Weapons
 a - a +0 mace of chaos
 e - a +0 mace (weapon)
Scrolls
 c - a scroll of teleportation
 d - a scroll of random uselessness {unknown}
 f - a scroll of fog {unknown}
 g - 3 scrolls of remove curse
 h - a scroll of amnesia {unknown}
 j - a scroll of identify {unknown}
 k - 3 scrolls of enchant weapon {unknown}
 l - 3 scrolls of blinking {unknown}
Comestibles
 b - 4 rations
 m - a chunk of flesh


   Skills:
 + Level 3.8 Fighting
 * Level 4.0 Maces & Flails
 - Level 2.1 Dodging


You had 2 spell levels left.
You didn't know any spells.
Your spell library was empty.

Dungeon Overview and Level Annotations

Branches:
Dungeon (2/15)

Altars:

Annotations:
D:2 Jessica, Robin


Innate Abilities, Weirdness & Mutations

Your plain brown scales are hard. (AC +5)
You cannot fit into any form of body armour.
You are cold-blooded and may be slowed by cold attacks.
Your large and strong wings let you fly indefinitely.
You possess an exceptional clarity of mind.
Your muscles are strong. (Str +2)
You rapidly evolve.


Message History

Robin's bangles clink loudly.
Robin throws the goblin at you!
* * * LOW HITPOINT WARNING * * *
The goblin hits you but does no damage.
You hit Robin but do no damage.
Robin is lightly wounded.
Robin throws the goblin at you! The goblin hits you but does no damage.
You sock Robin!
Your tail-slap misses Robin.
Robin is heavily wounded.
The goblin hits you.
* * * LOW HITPOINT WARNING * * *
Robin hits you with a +0 whip.
* * * LOW HITPOINT WARNING * * *
The goblin barely misses you. The goblin hits you but does no damage.
Okay, then.
As you read the scroll labeled WAMUKK EBLE, it crumbles to dust.
You feel aware of your surroundings.
It was a scroll of magic mapping.
You can drink potions again.
Robin hits you with a +0 whip.
You die...

#..........##..........#
##..........#...##......g
#.....##.g..#.#..>.....##
#.............###.......#
#......#g#*#............#
#.....##.# #.####.......#
#....@##.###.#####.......
#......ggg.g............)
#.....##@##.########.##.#
#.....##g##.# #.##.#
#.....##.#..# #....<
########...## ####..
#......## #... #......#
#... #......# #...
#......# #### #......#


You could see Robin, Jessica, 2 hobgoblins and 4 goblins.

Vanquished Creatures
  3 dart slugs
  2 leopard geckos
  A bat (D:1)
  3 giant cockroaches
  6 goblins
  5 hobgoblins (D:1)
  3 frilled lizards
  4 kobolds
  2 rats
29 creatures vanquished.

Notes
Turn   | Place    | Note
-------+----------+-------------------------------------------
     0 | D:1      | Denox the Draconian Chaos Knight began the quest for the
                  | Orb.
     0 | D:1      | Reached XP level 1. HP: 19/19 MP: 1/1
    46 | D:1      | XOM: divination: magic mapping
    78 | D:1      | Reached XP level 2. HP: 21/26 MP: 2/2
   358 | D:1      | XOM: silly message
   673 | D:1      | XOM: harmless Air miscast
   821 | D:1      | XOM: give mutations
   821 | D:1      | Gained mutation: Your muscles are strong. (Str +2) [Xom's
                  | grace]
   821 | D:1      | Gained mutation: You possess an exceptional clarity of
                  | mind. [Xom's grace]
   821 | D:1      | Gained mutation: You evolve. [Xom's grace]
   821 | D:1      | Gained mutation: You rapidly evolve. [Xom's grace]
   869 | D:2      | XOM: give mutations
  1044 | D:1      | XOM: god gift: 14 gold pieces
  1199 | D:2      | Reached XP level 3. HP: 33/33 MP: 3/3
  1374 | D:1      | XOM: mild Erth miscast
  1433 | D:1      | Gained mutation: Your large and strong wings let you fly
                  | indefinitely. [evolution]
  1535 | D:2      | Noticed Robin
  1538 | D:2      | Reached skill level 4 in Maces & Flails
  1584 | D:2      | Noticed Jessica
  1586 | D:2      | XOM: medium Ice miscast
  1587 | D:2      | XOM: divination: magic mapping
  1600 | D:2      | Slain by Robin

Levels and vault maps discovered:
D:1:      matt_arrival_refuge, layout_basic, roderic_st_hans_cross,
          minmay_misc_feat_roman
D:2:      layout_rooms, first_ration, uniq_robin, uniq_terence, uniq_jessica

Skill      XL: |  1  2  3 |
---------------+----------+-----
Maces & Flails | 4 |  4.0
Fighting       | |  3.8
Dodging        | |  2.1

Action                   || total
-------------------------++-------
Melee: Mace              ||    95
       Tailslap          ||     8
  Use: Potion            ||     2
       Scroll            ||     3
  Eat: Chunk             ||     2
Armor: Skin              ||    30
Dodge: Dodged            ||    72

Table legend:
 A = Non-vault XP
 B = Vault XP
 C = Vault XP percentage of total XP
 D = Non-vault monster count
 E = Vault monster count
 F = Vault count percentage of total count
                 A         B        C        D         E       F
            +---------+---------+-------+---------+---------+-------
      Total |      53 |       4 |   7.0 |      27 |       2 |   6.9
            +---------+---------+-------+---------+---------+-------
        D:1 |      35 |       0 |   0.0 |      18 |       0 |   0.0
        D:2 |      18 |       4 |  18.2 |       9 |       2 |  18.2
            +---------+---------+-------+---------+---------+-------
